 Dungeon Crawl Stone Soup version 0.21.1-1-g345015f (webtiles) character file.

26360 GrunderHorse the Markscentaur (level 12, -2/102 HPs)
             Began as a Centaur Hunter on Apr 19, 2018.
             Was a High Priest of Qazlal.
             Slain by an elephant (4 damage)
             ... on level 4 of the Lair of Beasts on Apr 25, 2018.
             The game lasted 01:05:29 (18576 turns).

GrunderHorse the Markscentaur (Centaur Hunter)     Turns: 18576, Time: 01:05:30

Health: -2/102     AC: 17    Str: 18    XL:     12   Next: 97%
Magic:  3/12       EV:  8    Int: 10    God:    Qazlal [*****.]
Gold:   805        SH:  7    Dex: 15    Spells: 6/11 levels left

rFire    + . .     SeeInvis .   b - +2 short sword (drain)
rCold    + . .     Gourm    .   (no shield)
rNeg     . . .     Faith    .   O - +2 robe {Archmagi}
rPois    .         Spirit   .   o - +0 helmet
rElec    .         Reflect  .   K - scarf {rC+ rF+}
rCorr    .         Harm     .   I - +0 pair of gloves
MR       .....     Rnd*Tele +   r - +2 centaur barding
Stlth    +.........             (no amulet)
HPRegen  0.27/turn              g - +3 ring of strength
MPRegen  0.13/turn              v - ring of teleportation (curse)

@: protected from physical damage, mesmerised, very slightly contaminated,
invisible, repel missiles, very quick
A: large, hooves 3, deformed body, speed 2, tough skin 3
a: Upheaval, Elemental Force, Disaster Area, Renounce Religion


You were on level 4 of the Lair of Beasts.
You worshipped Qazlal.
Qazlal was extremely pleased with you.
You were near starving.

You visited 2 branches of the dungeon, and saw 14 of its levels.
You also visited: Sewer.

You collected 805 gold pieces.

Inventory:

Hand Weapons
 a - a +3 shortbow of freezing
 b - a +2 short sword of draining (weapon)
 G - a +3 shortbow
 J - a +0 longbow
Missiles
 p - 2 throwing nets
 y - 230 stones (quivered)
 D - an arrow
 E - 2 tomahawks
Armour
 m - the +5 ring mail "Raxam" {rElec MR+ MP+9}
   (You found it on level 10 of the Dungeon)

   It insulates you from electricity.
   It affects your resistance to hostile enchantments.
   It affects your magic capacity (+9).
 o - a +0 helmet (worn)
 r - a +2 centaur barding (worn)
 I - a +0 pair of gloves (worn)
 K - a scarf of resistance (worn)
 O - a +2 robe of the Archmagi (worn)
Jewellery
 c - an uncursed ring of flight
 g - a +3 ring of strength (left hand)
 q - an uncursed ring of protection from fire
 v - a cursed ring of teleportation (right hand)
 H - an uncursed ring of resist corrosion {unknown}
 M - an uncursed ring of protection from cold
Wands
 u - a wand of iceblast (20)
 x - a wand of digging (9)
 A - a wand of polymorph (11)
Scrolls
 i - a scroll of magic mapping
 k - a scroll of identify
 C - a scroll of fog
 N - a scroll of blinking {unknown}
 P - a scroll of remove curse
Potions
 d - 2 potions of brilliance
 j - 4 potions of curing
 l - a potion of haste
 B - a potion of magic
 F - a potion of resistance {unknown}
 L - 2 potions of mutation
 R - a potion of lignification {unknown}
Books
 e - the Compendium of Blows and Bruises
   (You found it on level 10 of the Dungeon)

   Spells                             Type                      Level
   a - Fulminant Prism                Conjuration/Hexes            4
   b - Iskenderun's Mystic Blast      Conjuration                  4
   c - Venom Bolt                     Conjuration/Poison           5
   d - Fireball                       Conjuration/Fire             5
 n - a book of Cantrips

   Spells                             Type                      Level
   a - Confusing Touch                Hexes                        1
   b - Animate Skeleton               Necromancy                   1
   c - Summon Small Mammal            Summoning                    1
   d - Apportation                    Translocation                1
 w - a book of Power

   Spells                             Type                      Level
   a - Iskenderun's Battlesphere      Conjuration/Charms           5
   b - Venom Bolt                     Conjuration/Poison           5
   c - Bolt of Magma                  Conjuration/Fire/Earth       5
   d - Iron Shot                      Conjuration/Earth            6
   e - Orb of Destruction             Conjuration                  7
   f - Spellforged Servitor           Conjuration/Summoning        7
Miscellaneous
 Q - a lightning rod (inert)
Comestibles
 f - 22 rations
 t - 4 chunks of flesh


   Skills:
 - Level 8.2 Fighting
 + Level 19.3 Bows
 - Level 0.7 Armour
 - Level 1.3 Dodging
 - Level 0.4 Stealth
 - Level 12.0 Hexes


You had 6 spell levels left.
You knew the following spells:

 Your Spells              Type           Power        Failure   Level  Hunger
a - Slow                  Hex            #####...     1%          2    ###....
b - Dazzling Spray        Conj/Hex       ###...       10%         3    ####...


Dungeon Overview and Level Annotations

Branches:
Dungeon (10/15)            Temple (0/1) D:6            Lair (4/6) D:10
 Shoals (0/4) Lair:4       Spider (0/4) Lair:2          Orc (0/2) D:10

Altars:
Ashenzari
Dithmenos
Fedhas
Gozag
Kikubaaqudgha
Nemelex Xobeh
Qazlal
Ru
Uskayaw
Vehumet
Wu Jian
Yredelemnul
Zin
The Shining One

Annotations:
D:5 pigiy's ghost, novice OpAs
D:9 exclusion: statue


Innate Abilities, Weirdness & Mutations

You have hooves in place of feet.
Armour fits poorly on your strangely shaped body.
You cover ground very quickly.
You have extremely tough skin. (AC +3)


Message History

The merfolk siren chants its luring song.
Unknown command.
You don't have enough magic at the moment.
You don't have enough magic at the moment.
You don't have enough magic at the moment.
Okay, then.
It was a potion of invisibility.
You fade into invisibility!
The elephant tramples you but does no damage.
The elephant closely misses you.
The merfolk siren chants its luring song.
The elephant tramples you.
* * * LOW HITPOINT WARNING * * *
You feel more protected from physical attacks.
You hold your ground!
The elephant trunk-slaps you but does no damage.
You are very lightly contaminated with residual magic.
It was a potion of berserk rage.
You are too mesmerised to rage.
The elephant is struck by lightning.
The elephant tramples you.
You die...

#.........# ##≈..#
#.####.........####≈≈.##
#.........m.......##≈#.#
#..................#≈>.#
..........##.#...###≈#.#
#.........##.##.###≈≈.##
.......DY<.### .###≈..#
#......YYY.# ..#.≈.##
#......@YY#####.##≈..#
#....§§............###.
####P§§#..#P...#...#..
#...####..##### ..P ##..
..## #.## #.. ##.P# #..#
#P. ##...######.###
P...##...P#...#...##
(((..(.((..(.......(


You could see a five-headed hydra, 6 elephants and a merfolk siren.

Vanquished Creatures
  A rakshasa (D:10)
  Erica (D:10)
  A centaur warrior (D:10)
  A two-headed ogre (D:10)
  An unseen horror (D:8)
  Pikel (D:4)
  An ugly thing (D:10)
  12 elephants
  A black mamba (Lair:3)
  A gargoyle (D:10)
  6 spiny frogs
  3 komodo dragons
  A merfolk (Lair:4)
  A tengu conjurer (D:10)
  2 trolls
  2 jumping spiders
  5 hippogriffs
  9 blink frogs
  A redback (Lair:2)
  17 yaks
  A spriggan (Lair:2)
  2 basilisks
  4 vampire mosquitoes (D:10)
  2 hungry ghosts (D:10)
  8 porcupines
  3 water moccasins
  A sky beast (D:8)
  2 black bears
  2 phantoms
  2 ice beasts (D:10)
  3 orc warriors
  A hornet zombie (D:10)
  5 centaurs
  4 ogres
  9 wolves
  The ghost of LordPorkins the Charmwright, an amateur HaSk (D:3)
  10 big kobolds
  3 crocodiles
  12 bullfrogs
  2 scorpions
  8 wights (D:8)
  4 killer bees
  A howler monkey (D:7)
  4 crimson imps
  4 orc priests
  3 hounds
  2 bullfrog zombies
  A centaur skeleton (D:9)
  A gnoll shaman (D:4)
  3 jellies
  4 iguanas
  12 orc wizards
  7 worker ants
  A killer bee zombie (D:6)
  2 hound zombies
  2 worker ant zombies
  Robin (D:3)
  8 gnolls
  4 river rats
  11 adders
  2 shadow imps
  A white imp (D:4)
  3 oozes
  3 adder zombies
  4 adder skeletons
  7 worms
  3 dart slugs
  8 leopard geckos
  18 orcs
  3 ball pythons
  3 giant cockroaches
  11 goblins (D:3)
  9 hobgoblins
  12 jackals
  3 quokkas
  A bat (D:2)
  3 frilled lizards
  A goblin zombie (D:4)
  3 hobgoblin zombies (D:4)
  14 kobolds
  An orc skeleton (D:4)
  2 orc zombies (D:4)
  10 rats
353 creatures vanquished.

Vanquished Creatures (collateral kills)
  A wight (D:8)
1 creature vanquished.

Vanquished Creatures (others)
  A black bear (D:5)
  A jelly (D:5)
  A worker ant (D:5)
  An orc (D:4)
  An orc skeleton (D:4)
  3 fungi
  4 plants (Lair:2)
12 creatures vanquished.

Grand Total: 366 creatures vanquished

Notes
Turn   | Place    | Note
-------+----------+-------------------------------------------
     0 | D:1      | GrunderHorse the Centaur Hunter began the quest for the Orb.
     0 | D:1      | Reached XP level 1. HP: 17/17 MP: 1/1
   128 | D:1      | Reached XP level 2. HP: 23/24 MP: 2/2
   279 | D:1      | Reached skill level 6 in Bows
   442 | D:2      | Found a glowing silver altar of Zin.
  1015 | D:3      | Reached XP level 3. HP: 29/29 MP: 3/3
  1052 | D:3      | Reached skill level 7 in Bows
  1062 | D:2      | Reached XP level 4. HP: 31/36 MP: 4/4
  1130 | D:3      | Found a stormy altar of Qazlal.
  1173 | D:3      | Became a worshipper of Qazlal Stormbringer
  1225 | D:3      | Noticed Robin
  1229 | D:3      | Noticed LordPorkins's ghost (amateur HaSk)
  1246 | D:3      | Killed Robin
  1774 | D:3      | Reached * piety under Qazlal
  1774 | D:3      | Reached skill level 8 in Bows
  1855 | D:3      | Reached XP level 5. HP: 39/41 MP: 5/5
  1866 | D:3      | Killed LordPorkins's ghost
  1866 | D:3      | Reached skill level 9 in Bows
  2071 | D:3      | Found an ancient bone altar of Kikubaaqudgha.
  2212 | D:3      | Found a faded altar of an unknown god.
  2471 | D:3      | Found a shadowy altar of Dithmenos.
  2556 | D:4      | Found a glowing golden altar of the Shining One.
  2770 | D:4      | Reached XP level 6. HP: 40/48 MP: 6/6
  2853 | D:4      | Noticed Pikel
  2862 | D:4      | Noticed a slave
  2921 | D:4      | Noticed a slave
  2923 | D:4      | Noticed a slave
  3276 | D:4      | Killed Pikel
  3276 | D:4      | Reached skill level 11 in Bows
  3276 | D:4      | Reached XP level 7. HP: 55/55 MP: 7/7
  3387 | D:4      | Learned a level 2 spell: Slow
  3611 | D:4      | Reached skill level 12 in Bows
  3884 | D:5      | Entered Level 5 of the Dungeon
  3938 | D:5      | Noticed pigiy's ghost (novice OpAs)
  4235 | D:5      | Reached ** piety under Qazlal
  4342 | D:5      | Reached XP level 8. HP: 61/61 MP: 8/8
  4383 | D:5      | Reached skill level 13 in Bows
  4822 | D:6      | Found a hide-covered altar of Uskayaw.
  4962 | D:6      | Reached skill level 14 in Bows
  5039 | D:6      | Found a blossoming altar of Fedhas.
  5046 | D:6      | Reached skill level 1 in Hexes
  5319 | D:6      | Found a sparkling altar of Nemelex Xobeh.
  5412 | D:6      | Found a staircase to the Ecumenical Temple.
  5492 | D:6      | Found a glowing drain.
  5496 | Sewer    | Entered a sewer
  5750 | Sewer    | Reached XP level 9. HP: 62/67 MP: 9/9
  5851 | Sewer    | Reached *** piety under Qazlal
  5861 | Sewer    | Reached skill level 5 in Hexes
  6724 | D:7      | Found a blossoming altar of Fedhas.
  7312 | D:7      | You fall through a shaft!
  7320 | D:8      | Reached **** piety under Qazlal
  7618 | D:8      | Found a shattered altar of Ashenzari.
  7809 | D:8      | Reached skill level 5 in Fighting
  7964 | D:8      | Reached XP level 10. HP: 81/81 MP: 10/10
  8026 | D:8      | Found a basalt altar of Yredelemnul.
  8982 | D:8      | Killed an unseen horror
  9367 | D:8      | Found an ornate altar of the Wu Jian Council.
  9496 | D:9      | Found a sacrificial altar of Ru.
 10457 | D:9      | Learned a level 3 spell: Dazzling Spray
 10742 | D:9      | Found a radiant altar of Vehumet.
 10857 | D:10     | Entered Level 10 of the Dungeon
 11158 | D:10     | Reached skill level 15 in Bows
 11196 | D:10     | Noticed a centaur warrior
 11510 | D:10     | Found a staircase to the Orcish Mines.
 11513 | D:10     | Noticed a rakshasa
 11676 | D:10     | Found a staircase to the Lair.
 11734 | D:10     | Noticed Erica
 11838 | D:10     | Killed Erica
 11920 | D:10     | Noticed a brown ugly thing
 11969 | D:10     | Killed a brown ugly thing
 11969 | D:10     | Reached XP level 11. HP: 69/94 MP: 11/11
 13028 | D:10     | Killed a centaur warrior
 13028 | D:10     | Reached skill level 16 in Bows
 13391 | D:10     | Killed a rakshasa
 13712 | D:10     | Noticed a two-headed ogre
 13741 | D:10     | Killed a two-headed ogre
 13872 | D:10     | Reached ***** piety under Qazlal
 14105 | D:10     | Identified the Compendium of Blows and Bruises
 14115 | D:10     | Got a dazzling ring mail
 14126 | D:10     | Identified the +5 ring mail "Raxam" {rElec MR+ MP+9} (You found it on level 10 of the Dungeon)
 14369 | Lair:1   | Entered Level 1 of the Lair of Beasts
 14528 | Lair:1   | Reached skill level 10 in Hexes
 14544 | Lair:1   | Reached skill level 17 in Bows
 15326 | Lair:2   | Reached XP level 12. HP: 89/102 MP: 3/12
 16201 | Lair:2   | Found a hole to the Spider Nest.
 16249 | Lair:2   | Found an opulent altar of Gozag.
 16822 | Lair:3   | Reached skill level 18 in Bows
 17827 | Lair:3   | Reached skill level 19 in Bows
 18224 | Lair:3   | Identified a scroll of acquirement
 18342 | Lair:4   | Noticed a five-headed hydra
 18404 | Lair:4   | Noticed a death yak
 18526 | Lair:4   | Found a staircase to the Shoals.
 18573 | Lair:4   | HP: 5/102 [elephant (6)]
 18575 | Lair:4   | HP: 1/102 [elephant (4)]
 18576 | Lair:4   | Slain by an elephant

Skill      XL: |  1  2  3  4  5  6  7  8  9 10 11 12 |
---------------+-------------------------------------+-----
Bows           | 6 7 8 9 11 12 14 15 17 19 | 19.3
Hexes          | 4 7 8 10 12 | 12.0
Fighting       | 5 8 |  8.2
Armour         | |  0.7
Dodging        | |  1.3
Stealth        | |  0.4

Action                   |  1- 3 |  4- 6 |  7- 9 | 10-12 || total
-------------------------+-------+-------+-------+-------++-------
Melee: Short sword       |       |    24 |   287 |    88 ||   399
       Kick              |       |     5 |    80 |    33 ||   118
       Shortbow          |       |       |     1 |       ||     1
       Longbow           |       |       |       |     1 ||     1
 Fire: Shortbow          |    72 |   187 |   290 |   670 ||  1219
       Longbow           |       |       |    15 |    83 ||    98
Throw: Stone             |       |       |     9 |     1 ||    10
       Throwing net      |       |       |       |     1 ||     1
 Cast: Slow              |       |       |     7 |    23 ||    30
       Dazzling Spray    |       |       |       |    42 ||    42
Invok: Elemental Force   |       |       |     1 |       ||     1
Evoke: Wand              |       |     4 |     5 |    22 ||    31
       Lightning rod     |       |       |       |     6 ||     6
  Use: Potion            |       |     5 |       |    14 ||    19
       Scroll            |       |       |    10 |    20 ||    30
 Stab: Paralysed         |       |       |     3 |       ||     3
       Confused          |       |       |     2 |       ||     2
       Invisible         |       |       |       |     1 ||     1
  Eat: Chunk             |       |     3 |    11 |    22 ||    36
       Ration            |       |     1 |       |     4 ||     5
Armor: Leather armour    |     8 |    69 |   170 |    76 ||   323
       Robe              |       |       |       |   107 ||   107
Dodge: Dodged            |     8 |    52 |   122 |   129 ||   311
       Deflected         |       |       |       |    17 ||    17
Block: Other             |       |     6 |    47 |   106 ||   159
